 Dungeon Crawl Stone Soup version 0.15-a0-717-ga3c592f (webtiles) character file.

68 4tharraofdagon the Sneak (level 4, -1/27 HPs)
             Began as a Kobold Assassin on May 10, 2014.
             Killed by divine providence
             ... invoked by an orc priest
              (16 damage)
             ... on Level 3 of the Dungeon.
             The game lasted 00:03:35 (593 turns).

4tharraofdagon the Sneak (Kobold Assassin)           Turns: 593, Time: 00:03:35

HP  -1/27        AC  4     Str 10      XL: 4   Next: 41%
MP   4/4         EV 14     Int  9      God:
Gold 22          SH  0     Dex 17      Spells:  0 memorised,  3 levels left

rFire  . . .     SeeInvis .     b - +0 blowgun
rCold  . . .     Clarity  .     c - +0 robe
rNeg   . . .     Conserve .     (no shield)
rPois  .         rCorr    .     h - +0 helmet
rElec  .         rRot     .     d - +0 cloak
SustAb . .       Spirit   .     (no gloves)
rMut   .         Warding  .     (no boots)
Saprov + + .     Stasis   .     (no amulet)
MR     .....                    (no ring)
                                (no ring)

@: drained, not resistant to hostile enchantments, stealthy
A: disease resistance, carnivore 3, saprovore 2
a: no special abilities


You were on level 3 of the Dungeon.
You were very full.

You visited 1 branch of the dungeon, and saw 3 of its levels.

You collected 22 gold pieces.

Inventory:

Hand weapons
 a - a +2,+2 dagger
 b - a +0 blowgun (weapon)
 p - a +1,+0 dagger of draining
Missiles
 e - 8 poisoned needles (quivered)
Armour
 c - a +0 robe (worn)
 d - a +0 cloak (worn)
 h - a +0 helmet (worn)
Magical devices
 l - a wand of magic darts (6)
Comestibles
 g - a meat ration
Scrolls
 j - a scroll of identify {unknown}
 k - a scroll of remove curse {unknown}
 o - a scroll of enchant weapon II {unknown}
Jewellery
 m - an uncursed amulet of stasis
Potions
 n - a potion of heal wounds


   Skills:
 + Level 2.9(2.5) Fighting
 * Level 3.6(3.2) Short Blades
 - Level 2.6(2.2) Throwing
 + Level 2.1(1.7) Dodging
 * Level 6.3(5.9) Stealth


You had 3 spell levels left.
You didn't know any spells.

Dungeon Overview and Level Annotations

Branches:
Dungeon (3/15)

Altars:
Elyvilon


Innate Abilities, Weirdness & Mutations

You recuperate from illness quickly.
You are small and have problems with some larger weapons.
You are carnivorous and can eat meat at any time.
You can eat rotten meat.


Message History

b - a +0 blowgun (weapon)
Quiver which item? (- for none, * to show all) (? for menu, Esc to quit)
Quivering
f - 2 curare-tipped needles for blowguns.
Firing (i - inventory. (,) - cycle):
f - 2 curare-tipped needles (quivered)
Press: ? - help, Shift-Dir - straight line, f - orc priest
Aim: an orc priest, wielding a club and wearing a scale mail You shoot a curare-tipped needle.
The curare-tipped needle barely misses the orc priest.
Firing (i - inventory. (,) - cycle):
f - a curare-tipped needle (quivered)
Press: ? - help, Shift-Dir - straight line, f/p - orc priest
Aim: an orc priest, wielding a club and wearing a scale mail You shoot a curare-tipped needle.
The curare-tipped needle hits the orc priest.
The orc priest is poisoned.
The orc priest convulses.
The orc priest seems to slow down.
The orc priest is heavily wounded.
The orc priest invokes the aid of Beogh against you.
Something smites you!
Ouch! That really hurt!
You die...

≈..♣..≈## .##..####.# ≈≈...≈≈#
# #. #..### # ##...#### ##.##.
#....# # ##.....# #
......##.##.##.# ###...###.
##...#..)....# #.[....(#.###.#
#.###.##### #......(#.....#
#.........#
###......(......###.#.#...#.##
....%..(###....o@..##.#.......
####....# ####(######.#...#.#.
####.#### #.# #.##.##.# ..##.#
#%# #..%....# #.##.# #.#
####...## #.##.# ... #.#.### .
...# .o. ##h....# #..... #....
#.h....# .#.## #...# #..#.#.#


You could see an orc priest.

Vanquished Creatures
  4 adders (D:3)
  5 orcs (D:3)
  A ball python (D:2)
  A giant cockroach (D:3)
  3 goblins
  8 jackals
  A bat (D:1)
  3 giant newts
  A hobgoblin (D:3)
  A kobold (D:3)
  3 rats
31 creatures vanquished.

Notes
Turn   | Place    | Note
--------------------------------------------------------------
     0 | D:1      | 4tharraofdagon, the Kobold Assassin, began the quest for the Orb.
     0 | D:1      | Reached XP level 1. HP: 12/12 MP: 1/1
   170 | D:2      | Reached XP level 2. HP: 15/18 MP: 2/2
   260 | D:3      | Reached XP level 3. HP: 12/22 MP: 3/3
   320 | D:3      | Reached skill level 6 in Stealth
   335 | D:3      | Found a white marble altar of Elyvilon.
   506 | D:3      | Reached XP level 4. HP: 15/27 MP: 4/4
   593 | D:3      | Killed from afar by an orc priest

Action                   |  1- 3 |  4- 6 || total
-------------------------+-------+-------++-------
Melee: Dagger            |    63 |    33 ||    96
 Fire: Blowgun           |    11 |     2 ||    13
Evoke: Wand              |     1 |       ||     1
  Use: Potion            |     2 |     1 ||     3
 Stab: Sleeping          |     6 |       ||     6
       Distracted        |     1 |       ||     1

Vault maps used:
D:1:      minmay_arrival_three_doors, hangedman_decor_slide_cut
D:3:      elyvilon_altar_4, first_bread
